 Dungeon Crawl Stone Soup version 0.28-a0-384-g9e0c098162 (webtiles) character file.

Game seed: 16761177215583133625

72 Spaninq the Magician (level 4, -5/32 HPs)
             Began as a Gnoll Hedge Wizard on Sept 2, 2021.
             Slain by a scorpion (9 damage)
             ... on level 3 of the Dungeon.
             The game lasted 00:06:45 (2849 turns).

Spaninq the Magician (Gnoll Hedge Wizard)           Turns: 2849, Time: 00:06:46

Health: -5/32      AC:  2    Str:  9    XL:     4   Next: 25%
Magic:  2/13       EV: 13    Int: 14    God:
Gold:   59         SH:  0    Dex: 12    Spells: 6/17 levels left

rFire   . . .      SeeInvis .   e - +0 mace
rCold   + . .      Faith    .   (no shield)
rNeg    . . .      Spirit   .   b - +0 robe
rPois   +          Reflect  .   c - +0 hat
rElec   .          Harm     .   (no cloak)
rCorr   .          Rampage  .   (no gloves)
Will    .....                   (no boots)
Stlth   ++........              (no amulet)
HPRegen 0.10/turn               f - ring of poison resistance
MPRegen 0.13/turn               o - ring of protection from cold

@: no status effects
A: fangs 1, strong nose, distributed training
a: no special abilities


You were on level 3 of the Dungeon.
You visited 1 branch of the dungeon, and saw 3 of its levels.

You collected 59 gold pieces.

Inventory:

Hand Weapons
 e - a +0 mace (weapon)
Armour
 b - a +0 robe (worn)
 c - a +0 hat (worn)
 l - a +3 ring mail
Jewellery
 f - a ring of poison resistance (left hand)
 o - a ring of protection from cold (right hand)
 p - a ring of protection from cold
Scrolls
 a - 2 scrolls of identify {unknown}
 g - a scroll of noise {unknown}
 i - a scroll of immolation {unknown}
 m - a scroll of holy word {unknown}
Potions
 d - a potion of heal wounds {unknown}
 h - a potion of attraction {unknown}
 j - 3 potions of curing {unknown}
 k - a potion of berserk rage {unknown}
 n - a potion of flight {unknown}


   Skills:
 + Level 1.1 Fighting
 + Level 1.1 Short Blades
 + Level 1.1 Long Blades
 + Level 1.1 Axes
 + Level 1.1 Maces & Flails
 + Level 1.1 Polearms
 + Level 1.1 Staves
 + Level 1.1 Slings
 + Level 1.1 Bows
 + Level 1.1 Crossbows
 + Level 1.1 Throwing
 + Level 1.1 Armour
 + Level 4.6 Dodging
 + Level 4.2 Stealth
 + Level 1.1 Shields
 + Level 1.1 Unarmed Combat
 + Level 7.2 Spellcasting
 + Level 2.2 Conjurations
 + Level 0.8 Hexes
 + Level 2.2 Summonings
 + Level 0.8 Necromancy
 + Level 2.2 Translocations
 + Level 0.8 Transmutations
 + Level 0.8 Fire Magic
 + Level 0.8 Ice Magic
 + Level 0.8 Air Magic
 + Level 0.8 Earth Magic
 + Level 0.8 Poison Magic
 + Level 1.2 Invocations
 + Level 1.1 Evocations


You had 6 spell levels left.
You knew the following spells:

 Your Spells              Type           Power      Damage    Failure   Level
a - Magic Dart            Conj           44%        1d5       5%          1
b - Blink                 Tloc           N/A        N/A       9%          2
c - Slow                  Hex            7%         N/A       14%         2
d - Mephitic Cloud        Conj/Pois/Air  8%         N/A       24%         3
e - Confusing Touch       Hex            7%         N/A       28%         3

Your spell library contained the following spells:

 Spells                   Type           Power      Damage    Failure   Level
 Summon Small Mammal      Summ           44%        N/A       5%          1
 Call Imp                 Summ           11%        N/A       9%          2
 Call Canine Familiar     Summ           11%        N/A       17%         3
 Conjure Flame            Conj/Fire      9%         6-21      22%         3
 Summon Guardian Golem    Hex/Summ       9%         N/A       22%         3
 Yara's Violent Unravell  Hex/Tmut       3%         3d4       95%         5


Dungeon Overview and Level Annotations

Branches:
Dungeon (3/15)

Altars:
Zin

Shops:
D:1 (


Innate Abilities, Weirdness & Mutations

You have very sharp teeth.
Your uncanny sense of smell can sniff out nearby items.
Your experience applies equally to all skills.


Message History

Aiming: Magic Dart (safe; 5% risk of failure)
Press: ? - help, Shift-Dir - straight line, f/p - scorpion
Aim: a scorpion (severely wounded, 100% to hit)
The magic dart hits the scorpion but does no damage.
The scorpion is severely wounded.
The scorpion closely misses you.
Casting: Magic Dart (safe; 5% risk of failure)
Confirm with . or Enter, or press ? or * to list all spells.
Aiming: Magic Dart (safe; 5% risk of failure)
Press: ? - help, Shift-Dir - straight line, f/p - scorpion
Aim: a scorpion (severely wounded, 100% to hit)
The magic dart hits the scorpion.
The scorpion is severely wounded.
The scorpion stings you.
Casting: Magic Dart (safe; 5% risk of failure)
Confirm with . or Enter, or press ? or * to list all spells.
Aiming: Magic Dart (safe; 5% risk of failure)
Press: ? - help, Shift-Dir - straight line, f/p - scorpion
Aim: a scorpion (severely wounded, 100% to hit)
The magic dart hits the scorpion but does no damage.
The scorpion is severely wounded.
The scorpion misses you.
Casting: Magic Dart (safe; 5% risk of failure)
Confirm with . or Enter, or press ? or * to list all spells.
Aiming: Magic Dart (safe; 5% risk of failure)
Press: ? - help, Shift-Dir - straight line, f/p - scorpion
Aim: a scorpion (severely wounded, 100% to hit)
The magic dart hits the scorpion but does no damage.
The scorpion is severely wounded.
The scorpion barely misses you. The scorpion stings you.
* * * LOW HITPOINT WARNING * * *
Casting: Magic Dart (safe; 5% risk of failure)
Confirm with . or Enter, or press ? or * to list all spells.
Aiming: Magic Dart (safe; 5% risk of failure)
Press: ? - help, Shift-Dir - straight line, f/p - scorpion
Aim: a scorpion (severely wounded, 100% to hit)
The magic dart hits the scorpion but does no damage.
The scorpion is severely wounded.
The scorpion stings you!
You die...

#....#####... #.####
#... #.# #### ##.##
##.#.##### ###.###.##.##
#..## ##..#)#####
...#####.## ##.##†....
......s@..# ##.####....
........#..###.## ##...
>...........#..## ##....
...#######.#.##<###.....
.. .#.....#.##### .
.#.##.#.##
........######
####>..........
#...#.#.##.#


You could see a scorpion.

Vanquished Creatures
  2 adders
  3 worms (D:2)
  2 dart slugs (D:2)
  An orc (D:3)
  3 endoplasms
  5 giant cockroaches
  2 goblins
  A hobgoblin (D:1)
  3 jackals (D:1)
  3 quokkas
  A ball python (D:2)
  5 bats
  5 frilled lizards
  A kobold (D:2)
  3 rats (D:2)
40 creatures vanquished.

Notes
Turn   | Place    | Note
-------+----------+-------------------------------------------
     0 | D:1      | Spaninq the Gnoll Hedge Wizard began the quest for the Orb.
     0 | D:1      | Reached XP level 1. HP: 13/13 MP: 8/8
   327 | D:1      | Reached XP level 2. HP: 19/19 MP: 7/10
   432 | D:1      | Learned a level 2 spell: Blink
   461 | D:1      | Learned a level 2 spell: Slow
   578 | D:1      | Found Koudarra's Antique Weapon Emporium.
  1407 | D:2      | Reached XP level 3. HP: 25/25 MP: 6/11
  1465 | D:2      | Learned a level 3 spell: Mephitic Cloud
  1469 | D:2      | Learned a level 3 spell: Confusing Touch
  1981 | D:2      | Reached skill level 1 in Invocations
  2293 | D:2      | Found a faded altar of an unknown god.
  2358 | D:2      | Reached skill level 1 in Fighting
  2358 | D:2      | Reached skill level 1 in Short Blades
  2358 | D:2      | Reached skill level 1 in Long Blades
  2358 | D:2      | Reached skill level 1 in Axes
  2358 | D:2      | Reached skill level 1 in Maces & Flails
  2358 | D:2      | Reached skill level 1 in Polearms
  2358 | D:2      | Reached skill level 1 in Staves
  2358 | D:2      | Reached skill level 1 in Slings
  2358 | D:2      | Reached skill level 1 in Bows
  2358 | D:2      | Reached skill level 1 in Crossbows
  2358 | D:2      | Reached skill level 1 in Throwing
  2358 | D:2      | Reached skill level 1 in Armour
  2358 | D:2      | Reached skill level 1 in Shields
  2358 | D:2      | Reached skill level 1 in Unarmed Combat
  2358 | D:2      | Reached skill level 1 in Evocations
  2412 | D:2      | Found a glowing silver altar of Zin.
  2489 | D:2      | Reached XP level 4. HP: 32/32 MP: 8/13
  2837 | D:3      | Noticed a scorpion
  2849 | D:3      | Slain by a scorpion

Illustrated notes

Levels and vault maps discovered:
D:1:      sevenhm_arrival_forest_fort_small_3, layout_basic, serial_shops,
          nicolae_shop_waterfront, minmay_split_cup_small
D:2:      layout_rooms, hellmonk_ecumenical_altar_crossroads, basic_altar
D:3:      layout_loops_cross

Skill      XL: |  1  2  3 |
---------------+----------+-----
Conjurations   | 2 |  2.2
Summonings     | 2 |  2.2
Translocations | 2 |  2.2
Invocations    | 1 |  1.2
Fighting       | 1 |  1.1
Short Blades   | 1 |  1.1
Long Blades    | 1 |  1.1
Axes           | 1 |  1.1
Maces & Flails | 1 |  1.1
Polearms       | 1 |  1.1
Staves         | 1 |  1.1
Slings         | 1 |  1.1
Bows           | 1 |  1.1
Crossbows      | 1 |  1.1
Throwing       | 1 |  1.1
Armour         | 1 |  1.1
Shields        | 1 |  1.1
Unarmed Combat | 1 |  1.1
Evocations     | 1 |  1.1
Dodging        | |  4.6
Stealth        | |  4.2
Spellcasting   | |  7.2
Hexes          | |  0.8
Necromancy     | |  0.8
Transmutations | |  0.8
Fire Magic     | |  0.8
Ice Magic      | |  0.8
Air Magic      | |  0.8
Earth Magic    | |  0.8
Poison Magic   | |  0.8

Action                   |  1- 3 |  4- 6 || total
-------------------------+-------+-------++-------
Melee: Dagger            |     2 |       ||     2
       Mace              |    12 |       ||    12
 Cast: Magic Dart        |   128 |    29 ||   157
Armor: Robe              |     8 |       ||     8
Dodge: Dodged            |    30 |     4 ||    34

Table legend: (Time is in decaauts)
 A = Elapsed time spent in this place.
 B = Non-inter-level travel time spent in this place.
 C = Inter-level travel time spent in this place.
 D = Time resting spent in this place.
 E = Time spent auto-exploring this place.
 F = Levels seen in this place.
 G = Mean time per level.
                   A        B        C        D        E       F      G
               +--------+--------+--------+--------+--------+-----+--------+
         Total |   2852 |   2808 |     44 |    521 |   1821 |   3 |  950.7 |
       Dungeon |   2852 |   2808 |     44 |    521 |   1821 |   3 |  950.7 |
               +--------+--------+--------+--------+--------+-----+--------+

Top non-repeatable levels by time:
     D:1: 1542 daAuts
     D:2: 1108 daAuts
     D:3: 201 daAuts
